 Seeded DCSS version 0.30.1-11-g7821555f0a (webtiles) character file.

Game seed: 5 (custom seed)

10390 Kazon the Blocker (level 11, -2/81 HPs)
             Began as a Human Fighter on Dec 5, 2023.
             Was a High Priest of Okawaru.
             Succumbed to a cane toad's poison
             ... on level 1 of the Lair of Beasts.
             The game lasted 00:48:02 (7957 turns).

Kazon the Blocker (Human Fighter)                   Turns: 7957, Time: 00:48:02

Health: -2/81      AC: 14    Str: 18    XL:     11   Next: 92%
Magic:  5/25       EV: 10    Int: 10    God:    Okawaru [*****.]
Gold:   494        SH: 15    Dex: 14    Spells: 10/10 levels left

rFire   . . .        e - +4 quick blade (venom)
rCold   . . .        c - +0 tower shield
rNeg    . . .        P - +0 steam dragon scales
rPois   .            l - +0 helmet
rElec   .            S - +0 cloak
rCorr   .            n - +0 pair of gloves
SInv    .            (no boots)
Will    .....        D - amulet of guardian spirit
Stlth   +++          T - ring of magical power
HPRegen 0.33/turn    y - +4 ring of protection
MPRegen 0.19/turn

%: guardian spirit
@: lethally poisoned (-2 -> -16)
A: no striking features
a: Renounce Religion, Heroism, Finesse, Duel


You were on level 1 of the Lair of Beasts.
You worshipped Okawaru.
Okawaru was extremely pleased with you.
You visited 3 branches of the dungeon, and saw 12 of its levels.
You also visited: Ossuary.

You collected 636 gold pieces.
You spent 142 gold pieces at shops.

Inventory:

Hand Weapons
 e - a +4 quick blade of venom (weapon)
 f - a +1 hand axe of flaming
 h - a +0 whip of holy wrath
 m - a +0 long sword
 s - the +7 short sword "Citonk" {freeze, rF+ rC+ rCorr Int-4}
   (Okawaru gifted it to you on level 9 of the Dungeon)

   Int:       It affects your intelligence (-4).
   rF:        It protects you from fire.
   rC:        It protects you from cold.
   rCorr:     It protects you from acid and corrosion.
 v - a +0 vampiric war axe
Missiles
 j - 16 boomerangs (quivered)
 p - 14 poisoned darts
 r - 2 throwing nets
 B - 2 curare-tipped darts
Armour
 c - a +0 tower shield (worn)
 l - a +0 helmet (worn)
 n - a +0 pair of gloves (worn)
 P - +0 steam dragon scales (worn)
 S - a +0 cloak (worn)
Jewellery
 y - a +4 ring of protection (right hand)
 D - an amulet of guardian spirit (around neck)
 T - a ring of magical power (left hand)
Wands
 b - a wand of light (7)
 O - a wand of digging (7)
 Q - a wand of paralysis (7)
 R - a wand of polymorph (2)
Scrolls
 i - 4 scrolls of identify
 o - 2 scrolls of magic mapping {unknown}
 q - 2 scrolls of blinking {unknown}
 t - a scroll of teleportation
 x - a scroll of amnesia {unknown}
 z - a scroll of torment {unknown}
 A - 2 scrolls of fear {unknown}
 F - a scroll of poison {unknown}
 G - 2 scrolls of fog
 H - a scroll of enchant armour
 M - a scroll of enchant weapon
Potions
 a - a potion of ambrosia {unknown}
 d - a potion of might
 g - 2 potions of berserk rage {unknown}
 k - 4 potions of curing
 u - 5 potions of flight {unknown}
 w - 2 potions of invisibility {unknown}
 C - a potion of lignification {unknown}
 E - 4 potions of attraction {unknown}
 I - a potion of resistance {unknown}
 J - a potion of haste {unknown}
 K - 3 potions of brilliance {unknown}
 L - 2 potions of heal wounds
 N - a potion of cancellation {unknown}


   Skills:
 + Level 5.7 Fighting
 + Level 5.3 Short Blades
 + Level 0.2(3.2) Long Blades
 + Level 4.7(5.0) Axes
 + Level 2.4(3.9) Maces & Flails
 + Level 4.5 Throwing
 + Level 6.2 Armour
 + Level 3.8 Dodging
 + Level 4.6 Stealth
 + Level 8.7 Shields
 * Level 7.3 Invocations
 * Level 6.5 Evocations


You had 10 spell levels left.
You didn't know any spells.
Your spell library contained the following spells:

 Spells                   Type           Power      Damage    Failure   Level
 Frozen Ramparts          Ice            0%         1d1       99%         3
 Ignite Poison            Fire/Tmut/Pois 0%         N/A       99%         3
 Ice Form                 Ice/Tmut       0%         N/A       100%        4
 Sticky Flame             Conj/Fire      0%         2d3       100%        4
 Eringya's Noxious Bog    Tmut/Pois      0%         N/A       100%        6
 Ignition                 Fire           0%         3d3       100%        8
 Summon Ice Beast         Ice/Summ       Unusable   N/A       N/A         4
 Summon Forest            Summ/Tloc      Unusable   N/A       N/A         5
 Summon Hydra             Summ           Unusable   N/A       N/A         7

Dungeon Overview and Level Annotations

Branches:
Dungeon (10/15)            Temple (1/1) D:4            Lair (1/5) D:8
Ossuary (visited)
    Orc: D:9-12

Altars:
Dithmenos
Fedhas
Gozag
Hepliaklqana
Okawaru
Qazlal
Sif Muna
Trog
Uskayaw
Wu Jian
Xom
The Shining One

Shops:
D:8 *


Message History

* * * LOW HITPOINT WARNING * * *
You are poisoned.
The cane toad poisons you!
You hit the cane toad but do no damage.
You feel very sick. You block the cane toad's attack.
You closely miss the cane toad.
You feel sick. The cane toad barely misses you.
You barely miss the cane toad.
You feel sick.
You closely miss the cane toad.
You feel sick.
The cane toad stings you but does no damage.
You barely miss the cane toad.
You feel sick. The cane toad stings you!
* * * LOW HITPOINT WARNING * * *
You hit the cane toad.
The cane toad is poisoned.
The cane toad is lightly wounded.
You feel sick. The cane toad barely misses you.
You hit the cane toad but do no damage.
The cane toad is lightly wounded.
You feel sick. You block the cane toad's attack.
You hit the cane toad but do no damage.
The cane toad is lightly wounded.
You feel sick. You block the cane toad's attack.
You hit the cane toad but do no damage.
The cane toad is lightly wounded.
You feel sick. The cane toad misses you.
You feel better.
The cane toad stings you but does no damage.
You hit the cane toad.
The cane toad is moderately wounded.
The cane toad stings you!
* * * LOW HITPOINT WARNING * * *
You are lethally poisoned!
The cane toad poisons you!
You hit the cane toad.
The cane toad is moderately wounded.
* * * LOW HITPOINT WARNING * * *
You feel very sick. You block the cane toad's attack.
You hit the cane toad but do no damage.
The cane toad is moderately wounded.
You die...

##
##P#########
#...........
##...........
#............
#....F.......
#...@..#
#......##
#.......#
#).....##
##......#
#.......#
##......#
#...††.#
#......#


You could see a cane toad (poisoned).

Vanquished Creatures
  Snorg (D:10)
  2 two-headed ogres
  Maurice (D:9)
  A cane toad (Lair:1)
  2 polar bears (D:8)
  A hornet (D:9)
  2 shadows (D:9)
  Sigmund (D:4)
  2 wyverns
  A yak (D:8)
  3 basilisks (D:8)
  A steam dragon (D:8)
  Duvessa (D:6)
  6 water moccasins
  An ice beast (D:8)
  An orc warrior (D:9)
  A sky beast (D:7)
  5 black bears
  3 wolves (D:8)
  2 ogres
  3 centaurs
  An elf zombie (Ossuary)
  2 kobold brigands
  2 bullfrogs
  A gnoll sergeant (D:8)
  3 scorpions
  23 wights
  Dowan (D:6)
  8 killer bees
  4 howler monkeys
  A vampire bat (D:7)
  An electric eel (D:8)
  6 hounds
  A wyvern simulacrum (D:8)
  A centaur zombie (Ossuary)
  4 orc priests
  3 human zombies (Ossuary)
  A jelly (D:5)
  6 iguanas
  9 orc wizards
  4 ogre zombies (Ossuary)
  A centaur simulacrum (D:8)
  7 mummies (Ossuary)
  8 gnolls
  9 adders
  A shadow imp (D:8)
  A white imp (D:7)
  2 ufetubi
  A worm zombie (D:7)
  2 adder zombies (Ossuary)
  3 worms
  24 orcs
  12 bats
  9 endoplasms
  A giant cockroach (D:1)
  12 goblins
  7 hobgoblins
  11 jackals
  15 kobolds
  3 quokkas (D:4)
  6 ball pythons
  3 frilled lizards
  4 goblin zombies (Ossuary)
  6 hobgoblin zombies
  3 kobold zombies
  4 quokka zombies (Ossuary)
  4 rats
  4 rat zombies (Ossuary)
286 creatures vanquished.

Notes
Turn   | Place    | Note
-------+----------+-------------------------------------------
     0 | D:1      | Kazon the Human Fighter began the quest for the Orb.
     0 | D:1      | Reached XP level 1. HP: 18/18 MP: 1/1
    57 | D:1      | Identified a scroll of acquirement
    57 | D:1      | Acquired a +4 quick blade of venom
    70 | D:1      | Reached XP level 2. HP: 19/24 MP: 2/2
   171 | D:1      | Reached XP level 3. HP: 27/29 MP: 3/3
   952 | D:2      | Reached XP level 4. HP: 33/35 MP: 4/4
  1003 | D:2      | Reached skill level 1 in Throwing
  1214 | D:2      | Reached skill level 1 in Short Blades
  1327 | D:2      | Reached XP level 5. HP: 41/41 MP: 5/5
  1545 | D:2      | Reached skill level 1 in Stealth
  1641 | D:3      | Found a blossoming altar of Fedhas.
  1804 | D:3      | Found a stormy altar of Qazlal.
  1925 | D:3      | Found a faded altar of an unknown god.
  1984 | D:3      | Identified the +2 sling "Qeuhanocyt" {speed, rElec Str-3
                  | Dex+2}
  2062 | D:4      | Found a staircase to the Ecumenical Temple.
  2070 | Temple   | Entered the Ecumenical Temple
  2084 | Temple   | Became a worshipper of Warmaster Okawaru
  2135 | D:4      | Noticed a black bear
  2157 | D:4      | Killed a black bear
  2158 | D:4      | Reached XP level 6. HP: 27/47 MP: 6/6
  2160 | D:4      | Found a hazy altar of Hepliaklqana.
  2164 | D:4      | Found a shadowy altar of Dithmenos.
  2164 | D:4      | Noticed a shadow
  2222 | D:4      | Noticed Sigmund
  2232 | D:4      | Killed Sigmund
  2232 | D:4      | Reached * piety under Okawaru
  2233 | D:4      | Reached skill level 1 in Invocations
  2233 | D:4      | Reached XP level 7. HP: 30/53 MP: 8/8
  2399 | D:4      | Reached skill level 1 in Evocations
  2859 | D:5      | Entered Level 5 of the Dungeon
  2874 | D:5      | Reached skill level 1 in Dodging
  2988 | D:5      | Reached skill level 4 in Shields
  3033 | D:5      | Reached XP level 8. HP: 54/60 MP: 9/9
  3339 | D:6      | Noticed Dowan
  3340 | D:6      | Noticed Duvessa
  3359 | D:6      | Killed Duvessa
  3359 | D:6      | Reached ** piety under Okawaru
  3360 | D:6      | Killed Dowan
  3520 | D:6      | Found a shimmering altar of Xom.
  3541 | D:6      | Reached skill level 5 in Shields
  3598 | D:6      | Reached XP level 9. HP: 30/65 MP: 11/11
  3664 | D:6      | Reached skill level 5 in Armour
  3922 | D:7      | HP: 3/64 [wight/+4 short sword (6)]
  3940 | D:7      | HP: 2/65 [wight/+0 dire flail (9)]
  3960 | D:7      | Reached skill level 6 in Shields
  4003 | D:7      | Reached *** piety under Okawaru
  4033 | D:7      | Found a sand-covered staircase.
  4069 | Ossuary  | Entered an ossuary
  4341 | Ossuary  | Reached skill level 1 in Maces & Flails
  4705 | D:7      | Noticed a two-headed ogre
  4717 | D:7      | Killed a two-headed ogre
  4717 | D:7      | Reached **** piety under Okawaru
  4718 | D:7      | Reached skill level 5 in Invocations
  4718 | D:7      | Reached XP level 10. HP: 47/73 MP: 13/13
  4913 | D:7      | You fall into a shaft and drop 1 floor!
  5031 | D:7      | Reached skill level 7 in Shields
  5409 | D:8      | Reached skill level 5 in Evocations
  5720 | D:8      | Received a gift from Okawaru
  5744 | D:8      | Reached skill level 5 in Fighting
  6082 | D:8      | Reached XP level 11. HP: 43/79 MP: 13/15
  6082 | D:8      | Found a staircase to the Lair.
  6109 | D:8      | Found Izo Qiri's Assorted Antiques.
  6121 | D:8      | Bought a sedimented brown potion for 26 gold pieces
  6121 | D:8      | Bought a curved iron wand for 116 gold pieces
  6631 | D:8      | Reached skill level 8 in Shields
  7086 | D:9      | Noticed Maurice
  7164 | D:9      | Killed Maurice
  7164 | D:9      | Reached ***** piety under Okawaru
  7425 | D:9      | Identified the +7 short sword "Citonk" {freeze, rF+ rC+
                  | rCorr Int-4} (Okawaru gifted it to you on level 9 of the
                  | Dungeon)
  7425 | D:9      | Received a gift from Okawaru
  7559 | D:10     | Entered Level 10 of the Dungeon
  7578 | D:10     | Noticed a two-headed ogre
  7598 | D:10     | Killed a two-headed ogre
  7662 | D:10     | Reached skill level 5 in Short Blades
  7789 | D:10     | Noticed Snorg
  7797 | D:10     | Killed Snorg
  7807 | D:10     | Found a shimmering blue altar of Sif Muna.
  7899 | Lair:1   | Entered Level 1 of the Lair of Beasts
  7956 | Lair:1   | HP: 1/81 [poisoned by a cane toad]
  7957 | Lair:1   | Succumbed to a cane toad's poison

Illustrated notes

Levels and vault maps discovered:
D:1:      ebering_trefoil_3fold, layout_basic, st_stairs_14, serial_bayou_ford_a
D:2:      layout_basic, hangedman_decor_growths, minmay_close_crescents
D:3:      layout_rooms, mainiacjoe_overflow_concentric_impassable,
          mainiacjoe_overflow_paths, shapermc_ecumenical_altar_acropolis,
          chequers_serial_rivers_micro_b
D:4:      layout_basic, riverfiend_overflow_shadow_ancestor,
          minmay_temple_entry_glass, uniq_sigmund
D:5:      layout_gridville
D:6:      layout_basic, xom_teletrap_fun, uniq_duvessa
D:7:      layout_loops_ring, enter_ossuary_3, roderic_batcave
D:8:      layout_layer_cave, minmay_lair_entry_grove, serial_shops,
          nicolae_lakefront_shop, serial_ice, serial_ice_o, serial_ice_d,
          serial_ice_k, serial_ice_a
D:9:      layout_loops_ring, nicolae_wwwww, uniq_maurice
D:10:     layout_irregular_city, led_sif_pool, uniq_snorg
Temple:   nicolae_temple_elliptical
Lair:1:   layout_big_grid, serial_bayou_pond_a

Skill      XL: |  1  2  3  4  5  6  7  8  9 10 11 |
---------------+----------------------------------+-----
Throwing       | 1 2 3 4 |  4.5
Short Blades   | 1 2 3 4 5 |  5.3
Stealth        | 1 2 4 |  4.6
Invocations    | 1 2 3 5 6 7 |  7.3
Evocations     | 1 2 4 5 6 |  6.5
Armour         | 4 5 6 |  6.2
Dodging        | 1 2 3 |  3.8
Shields        | 4 5 6 7 8 |  8.7
Fighting       | 4 5 |  5.7
Axes           | 3 4 |  4.7
Maces & Flails | 2 |  2.4
Long Blades    | |  0.2

Action                     |  1- 3 |  4- 6 |  7- 9 | 10-12 || total
---------------------------+-------+-------+-------+-------++-------
  Melee: War axe           |    28 |       |       |       ||    28
         Quick blade       |    76 |   113 |   203 |   358 ||   750
         Whip              |       |       |   217 |    59 ||   276
         Hand axe          |       |       |   161 |   188 ||   349
         Short sword       |       |       |       |    61 ||    61
  Throw: Stone             |       |     3 |    45 |     6 ||    54
         Dart              |       |       |    26 |    27 ||    53
         Boomerang         |       |       |     5 |    15 ||    20
 Invoke: Heroism           |       |       |     3 |     6 ||     9
  Evoke: Wand              |       |       |       |     1 ||     1
    Use: Scroll            |     2 |       |     1 |     5 ||     8
         Potion            |     1 |       |     3 |     1 ||     5
   Stab: Sleeping          |       |       |     9 |     9 ||    18
         Paralysed         |       |       |       |     6 ||     6
 Armour: Scale mail        |    29 |    26 |   113 |   115 ||   283
         Steam dragon scal |       |       |       |    55 ||    55
  Dodge: Dodged            |    19 |    17 |    99 |   150 ||   285
  Block: Buckler           |    14 |       |       |       ||    14
         Tower shield      |    23 |    60 |   386 |   466 ||   935
